 Dungeon Crawl Stone Soup version 0.23-a0-386-g9c9d49f (webtiles) character file.

39 inmateoo the Skirmisher (level 3, -3/18 HPs)
             Began as a Felid Chaos Knight on Oct 28, 2018.
             Was a Plaything of Xom.
             Slain by a gnoll
             ... wielding a +0 halberd
              (13 damage)
             ... on level 2 of the Dungeon.
             The game lasted 00:01:56 (1150 turns).

inmateoo the Skirmisher (Felid Chaos Knight)        Turns: 1150, Time: 00:01:58

Health: -3/18      AC:  1    Str:  8    XL:     3   Next: 28%
Magic:  4/4        EV: 18    Int: 14    God:    Xom [..*...]
Gold:   74         SH:  0    Dex: 15    Spells: 2/2 levels left
                                        Lives:  0   Deaths: 0

rFire    . . .     SeeInvis +     - Unarmed
rCold    . . .     Gourm    .   (shield unavailable)
rNeg     . . .     Faith    .   (armour unavailable)
rPois    .         Spirit   .   (helmet unavailable)
rElec    .         Reflect  .   (cloak unavailable)
rCorr    .         Harm     .   (gloves unavailable)
MR       .....                  (boots unavailable)
Stlth    +++.......             (no amulet)
HPRegen  0.06/turn              (no ring)
MPRegen  0.09/turn              (no ring)

@: quick
A: very small, no armour, no weapons or thrown items, stealth, claws 1, fangs 3,
see invisible, carnivore, speed 1, shaggy fur 1, slow metabolism 1, sharp paws
a: Renounce Religion


You were on level 2 of the Dungeon.
You worshipped Xom.
You were a toy of Xom.
You were completely stuffed.

You visited 1 branch of the dungeon, and saw 2 of its levels.

You collected 74 gold pieces.

Inventory:

Scrolls
 c - a scroll of identify {unknown}
 d - a scroll of enchant armour {unknown}
Potions
 b - a potion of mutation {unknown}
 e - 2 potions of heal wounds {unknown}
 f - a potion of curing {unknown}
Comestibles
 a - a ration


   Skills:
 + Level 3.7 Fighting
 - Level 3.2 Dodging
 + Level 3.0 Stealth
 - Level 3.0 Unarmed Combat


You had 2 spell levels left.
You didn't know any spells.
Your spell library was empty.

Dungeon Overview and Level Annotations

Branches:
Dungeon (2/15)

Altars:
Cheibriados
Elyvilon
Qazlal


Innate Abilities, Weirdness & Mutations

You cannot wear armour.
You are incapable of wielding weapons or throwing items.
Your paws allow you to move quietly. (Stealth)
You have sharp claws.
You have razor-sharp teeth.
You have supernaturally acute eyesight. (SInv)
You are carnivorous and can eat meat at any time.
You cover ground quickly.
You are covered in fur. (AC +1)
You have a slow metabolism.
Your sharp claws are effective at attacking unaware monsters.


Message History

A hobgoblin comes into view. It is wielding a +0 club.
A hobgoblin is nearby!
The hobgoblin hits you with a +0 club.
You scratch the hobgoblin.
You kill the hobgoblin!
You are too injured to fight recklessly!
You see here a +0 club.
No target in view!
No target in view! 3 gnolls come into view.
The gnoll shouts! x2
There are monsters nearby!
There are monsters nearby!
The gnoll shouts!
You scratch the gnoll.
The gnoll is heavily wounded.
The gnoll hits you from afar with a +0 halberd!
Ouch! That really hurt!
You die...
Xom guffaws!

### #....## .. ... #
#.##.#E # #.####.##.#
#.#..## .# . .. .....
#.#.#..
...#...###.#######.#.#..
. ...#.#..........)#.#..
... ...#.#.#########.###
#...#.#.#.# #.# E
#..g@.#.# #.# #
#...#...#.# #)#.. ..g
.g...#.# #.#.# .
...#...#.# #.#.#
...#...#.#.# #.#.# .#
!.#.#.#.# #.#_# .#...#..
##.#.# #.. #. #. ##
#..#.# #.###.....


You could see 3 gnolls.

Vanquished Creatures
  An adder (D:2)
  A dart slug (D:1)
  A giant cockroach (D:1)
  3 goblins (D:1)
  9 hobgoblins
  5 bats
  A frilled lizard (D:1)
  3 kobolds (D:1)
  A rat (D:2)
25 creatures vanquished.

Notes
Turn   | Place    | Note
-------+----------+-------------------------------------------
     0 | D:1      | inmateoo the Felid Chaos Knight began the quest for the
                  | Orb.
     0 | D:1      | Reached XP level 1. HP: 10/10 MP: 2/2
    17 | D:1      | Reached skill level 1 in Stealth
   102 | D:1      | Reached XP level 2. HP: 10/14 MP: 3/3
   408 | D:1      | XOM: silly message
   662 | D:2      | Found a white marble altar of Elyvilon.
   693 | D:2      | XOM: butterfly on damage
   704 | D:2      | Reached XP level 3. HP: 8/18 MP: 4/4
   767 | D:2      | XOM: harmless Tmut miscast
   895 | D:2      | XOM: butterfly on damage
  1051 | D:2      | Found a snail-covered altar of Cheibriados.
  1126 | D:2      | Found a stormy altar of Qazlal.
  1126 | D:2      | Noticed a fire elemental
  1127 | D:2      | Noticed an earth elemental
  1127 | D:2      | Noticed an air elemental
  1127 | D:2      | Noticed a water elemental
  1150 | D:2      | Slain by a gnoll

Vault maps used:
D:1:      dpeg_arrival_arbitrary_b, minmay_misc_feat_doors
D:2:      overflow_temple_1_default, lemuel_doored_altar, old_standard_altar,
          hex_large, chequers_serial_rivers_large_a, minmay_splitting_lines,
          nicolae_qazlal_style_of_elements

Skill      XL: |  1  2  3 |
---------------+----------+-----
Stealth        | 1 2 3 |  3.0
Fighting       | |  3.7
Dodging        | |  3.2
Unarmed Combat | |  3.0

Action                   || total
-------------------------++-------
Melee: Unarmed           ||    76
       Bite              ||     4
 Stab: Sleeping          ||     2
  Eat: Chunk             ||     8
Armor: Skin              ||     1
Dodge: Dodged            ||    41

Table legend:
 A = Non-vault XP
 B = Vault XP
 C = Vault XP percentage of total XP
 D = Non-vault monster count
 E = Vault monster count
 F = Vault count percentage of total count
                 A         B        C        D         E       F
            +---------+---------+-------+---------+---------+-------
      Total |      57 |       0 |   0.0 |      25 |       0 |   0.0
            +---------+---------+-------+---------+---------+-------
        D:1 |      34 |       0 |   0.0 |      19 |       0 |   0.0
        D:2 |      23 |       0 |   0.0 |       6 |       0 |   0.0
            +---------+---------+-------+---------+---------+-------
